 Dungeon Crawl Stone Soup version 0.20-a0-150-g0ef8409 (webtiles) character file.

2179 shinino the Basher (level 9, -3/72 HPs)
             Began as a Formicid Fighter on Nov 21, 2016.
             Slain by an orc warrior
             ... wielding a +0 halberd
              (14 damage)
             ... on level 6 of the Dungeon.
             The game lasted 00:11:15 (5847 turns).

shinino the Basher (Formicid Fighter)               Turns: 5847, Time: 00:11:17

Health: -3/72      AC:  7    Str: 21    XL:     9   Next: 58%
Magic:  9/9        EV:  8    Int: 10    God:
Gold:   254        SH:  9    Dex: 11    Spells: 8/8 levels left

rFire  . . .     SeeInvis +     i - +0 morningstar
rCold  . . .     Gourm    .     b - +0 scale mail
rNeg   . . .     Faith    .     c - +0 shield
rPois  .         Spirit   .     (helmet unavailable)
rElec  .         Reflect  .     (no cloak)
rCorr  .         Harm     .     (no gloves)
MR     +....                    (no boots)
Stlth  ..........               (no amulet)
                                (no ring)
                                (no ring)

@: no status effects
A: permanent stasis, dig shafts and tunnels, four strong arms, antennae 3,
clever 1, clumsy 1, magic resistance 1
a: Dig, Shaft Self


You were on level 6 of the Dungeon.
You were not hungry.

You visited 1 branch of the dungeon, and saw 6 of its levels.

You collected 254 gold pieces.

Inventory:

Hand Weapons
 i - a +0 morningstar (weapon)
Armour
 b - a +0 scale mail (worn)
 c - a +0 shield (worn)
Jewellery
 o - an uncursed ring of fire
 z - a +5 amulet of reflection {unknown}
Scrolls
 j - a scroll of magic mapping {unknown}
 k - a scroll of enchant weapon {unknown}
 m - 6 scrolls of remove curse
 q - 2 scrolls of recharging {unknown}
 u - 2 scrolls of immolation {unknown}
 w - a scroll of noise {unknown}
 x - 2 scrolls of fear {unknown}
 A - a scroll of blinking {unknown}
Potions
 e - a potion of curing {unknown}
 g - a potion of flight {unknown}
 s - 2 potions of lignification
 t - a potion of degeneration {unknown}
Comestibles
 a - a chunk of flesh
 d - 3 fruits
 f - 5 bread rations
 h - a beef jerky
 n - 3 meat rations
 r - a royal jelly


   Skills:
 + Level 7.1 Fighting
 + Level 9.3 Maces & Flails
 + Level 6.9 Armour
 - Level 3.6 Shields


You had 8 spell levels left.
You didn't know any spells.

Dungeon Overview and Level Annotations

Branches:
Dungeon (6/15)
 Temple: D:4-7

Altars:
Ashenzari
Dithmenos
Nemelex Xobeh
Ru
Uskayaw
Vehumet

Shops:
D:4 *   D:5 }


Innate Abilities, Weirdness & Mutations

You cannot be hasted, slowed, berserked, paralysed or teleported.
You can dig through walls and to a lower floor.
Your four strong arms can wield two-handed weapons with a shield.
You have a pair of large antennae on your head. (SInv)
Your mind is acute. (Int +2)
You are clumsy. (Dex -2)
You are resistant to hostile enchantments. (MR+)


Message History

* * * LOW HITPOINT WARNING * * *
The water moccasin bites you but does no damage.
You hit the water moccasin.
The water moccasin is almost dead.
You block the water moccasin's attack. You block the orc warrior's attack.
You puncture the water moccasin!
You kill the water moccasin!
The orc warrior hits you but does no damage.
You aren't carrying any items that you can evoke.
It was a potion of mutation.
You feel extremely strange.
You feel clumsy.
You feel clever.
You feel resistant to hostile enchantments.
The orc warrior hits you but does no damage.
It was a potion of cancellation.
Your magical effects are unravelling.
You feel magically purged.
You feel less wooden.
Your +0 scale mail unmelds from your body.
The orc warrior hits you from afar with a halberd!
You die...

#... ... #... ... #... ...
##.. #.# #... #.# #... #.#
#... #.# ##.. .... #@# ###
##. .... #)######.# #..
..... #o#)((...# ####"#
....> ###zo.###..# ##....#
...... ##.oz####..##
#..###. ......####{.#)#
#.## ##.###..
....oo..{{z##.#
#.####..###.#
.#..o{o{...####.#..........
#..#####..##..............


You could see an orc warrior, 2 wights and 2 orcs.

Vanquished Creatures
  The ghost of shinino the Cudgeler, a novice FoFi of Okawaru (D:5)
  Eustachio (D:4)
  Menkaure (D:4)
  A water moccasin (D:6)
  Duvessa (D:4)
  The ghost of FoghornLeghorn the Skirmisher, an amateur HONe (D:3)
  An ice beast (D:6)
  2 phantoms
  An ogre (D:5)
  A centaur (D:5)
  A bullfrog (D:6)
  Dowan (D:4)
  2 scorpions
  4 wights (D:6)
  A howler monkey (D:5)
  A centaur zombie (D:6)
  A hound (D:4)
  2 orc priests (D:6)
  An iguana (D:3)
  Natasha (thrice) (D:3)
  3 worker ants
  7 adders
  4 gnolls (D:3)
  A shadow imp (D:6)
  2 worms (D:5)
  5 dart slugs
  A leopard gecko (D:2)
  15 orcs
  A ball python (D:3)
  6 bats
  8 goblins
  6 hobgoblins
  9 jackals
  5 kobolds
  2 quokkas
  10 frilled lizards
  A leopard gecko zombie (D:6)
  A quokka skeleton (D:4)
  4 rats
119 creatures vanquished.

Vanquished Creatures (others)
  A giant cockroach (D:4)
1 creature vanquished.

Grand Total: 120 creatures vanquished

Notes
Turn   | Place    | Note
-------+----------+-------------------------------------------
     0 | D:1      | shinino the Formicid Fighter began the quest for the Orb.
     0 | D:1      | Reached XP level 1. HP: 18/18 MP: 1/1
   129 | D:1      | Reached XP level 2. HP: 21/24 MP: 2/2
   331 | D:1      | Reached skill level 3 in Maces & Flails
   525 | D:2      | Reached XP level 3. HP: 29/29 MP: 3/3
   856 | D:2      | Found a shadowy altar of Dithmenos.
   982 | D:2      | Reached XP level 4. HP: 35/35 MP: 4/4
   993 | D:2      | Reached skill level 4 in Maces & Flails
  1061 | D:2      | Found a sparkling altar of Nemelex Xobeh.
  1452 | D:3      | Noticed FoghornLeghorn's ghost (amateur HONe)
  1471 | D:3      | Killed FoghornLeghorn's ghost
  1471 | D:3      | Reached skill level 5 in Maces & Flails
  1471 | D:3      | Reached XP level 5. HP: 23/41 MP: 5/5
  1914 | D:3      | Noticed Natasha
  1948 | D:3      | Killed Natasha
  1948 | D:3      | Reached XP level 6. HP: 17/47 MP: 6/6
  1970 | D:3      | Noticed Natasha
  1983 | D:3      | Killed Natasha
  1983 | D:3      | Reached skill level 6 in Maces & Flails
  2090 | D:3      | HP: 2/47 [gnoll/spear of freezing (2)]
  2509 | D:3      | Noticed Natasha
  2515 | D:3      | Killed Natasha
  3079 | D:4      | Noticed Eustachio
  3080 | D:4      | Found a sacrificial altar of Ru.
  3119 | D:4      | Killed Eustachio
  3119 | D:4      | Reached skill level 7 in Maces & Flails
  3119 | D:4      | Reached XP level 7. HP: 33/52 MP: 7/7
  3435 | D:4      | Noticed Menkaure
  3449 | D:4      | Killed Menkaure
  3538 | D:4      | Found a shattered altar of Ashenzari.
  3703 | D:4      | Found a radiant altar of Vehumet.
  3793 | D:4      | Noticed Duvessa
  3795 | D:4      | Noticed Dowan
  3824 | D:4      | Killed Duvessa
  3824 | D:4      | Reached XP level 8. HP: 22/61 MP: 8/8
  3827 | D:4      | Killed Dowan
  4177 | D:4      | Found Toadeel's Elemental Accessories.
  4187 | D:4      | Reached skill level 8 in Maces & Flails
  4265 | D:5      | Entered Level 5 of the Dungeon
  4407 | D:5      | Found Cenleyx's Quality Used Wands.
  4476 | D:5      | Reached skill level 5 in Fighting
  4550 | D:5      | Noticed shinino's ghost (novice FoFi)
  4565 | D:5      | Killed shinino's ghost
  4565 | D:5      | Reached skill level 5 in Armour
  4670 | D:5      | Noticed a hand axe
  4673 | D:5      | Noticed a dagger
  4676 | D:5      | Reached XP level 9. HP: 56/69 MP: 9/9
  4748 | D:5      | Found a hide-covered altar of Uskayaw.
  5453 | D:6      | Reached skill level 9 in Maces & Flails
  5846 | D:6      | Gained mutation: You are clumsy. (Dex -2) [potion of mutation]
  5846 | D:6      | Gained mutation: Your mind is acute. (Int +2) [potion of mutation]
  5846 | D:6      | Gained mutation: You are resistant to hostile enchantments. (MR+) [potion of mutation]
  5847 | D:6      | Slain by an orc warrior

Vault maps used:
D:1:      saegor_arrival_simple_d, serial_corexii_hall, corexii_hall_statues_l,
          corexii_hall_statues_x
D:2:      marbit_many_paths, nicolae_overflow_crystal_walls
D:3:      uniq_natasha
D:4:      lemuel_crystal_altar, fiery_altar_vehumet, ashenzari_altar_1,
          first_bread, nicolae_elemental_shop, uniq_eustachio, uniq_menkaure,
          uniq_duvessa
D:5:      dancing_weapons_uskayaw, nicolae_for_you_no_charge
D:6:      overflow_temple_1_default

Skill      XL: |  1  2  3  4  5  6  7  8  9 |
---------------+----------------------------+-----
Maces & Flails | 3 5 7 8 9 |  9.3
Fighting       | 4 5 7 |  7.1
Armour         | 4 5 6 |  6.9
Shields        | |  3.6

Action                   |  1- 3 |  4- 6 |  7- 9 || total
-------------------------+-------+-------+-------++-------
Melee: Flail             |    77 |   227 |   280 ||   584
       Morningstar       |       |       |    34 ||    34
  Use: Potion            |       |     4 |     6 ||    10
       Scroll            |       |     4 |     2 ||     6
  Eat: Chunk             |       |     7 |    10 ||    17
Armor: Scale mail        |    30 |    94 |    85 ||   209
       Skin              |       |       |    10 ||    10
Dodge: Dodged            |    10 |    71 |    92 ||   173
Block: Shield            |    37 |   139 |   135 ||   311
